 Dungeon Crawl Stone Soup version 0.32-a0-42-ga30500b4d3 (webtiles) character file.

Game seed: 13926764326387681431

176 Newt the Ruffian (level 5, -1/35 HPs)
             Began as an Octopode Shapeshifter on Jan 26, 2024.
             Slain by a jelly (3 damage)
             ... on level 3 of the Dungeon.
             The game lasted 00:02:52 (2769 turns).

Newt the Ruffian (Octopode Shapeshifter)            Turns: 2769, Time: 00:02:53

Health: -1/35      AC: -7    Str: 14    XL:     5   Next: 56%
Magic:  5/5        EV: 15    Int: 12    God:
Gold:   53         SH:  0    Dex: 19    Spells: 4/4 levels left

rFire   + +          .
                       - Unarmed
rCold   . . .        (no shield)
rNeg    . . .        (helmet currently unavailable)
rPois   .            (no amulet)
rElec   .            e - ring of protection from fire
rCorr   .            g - +6 ring of dexterity
SInv    .            k - ring of protection from fire
Will    .....        (no ring)
Stlth   +++          (no ring)
HPRegen 0.25/turn    (no ring)
MPRegen 0.09/turn    (no ring)
                     (no ring)

%: no passive effects
@: beast-form, corroded
A: beast (slay +1), almost no armour, amphibious, 8 rings, camouflage 1,
gelatinous body 1, (nimble swimmer 1), tentacles
a: Begin Untransformation


You were on level 3 of the Dungeon.
You were a hulking beast.
You visited 1 branch of the dungeon, and saw 3 of its levels.

You collected 131 gold pieces.
You spent 78 gold pieces at shops.

Inventory:

Jewellery
 e - a ring of protection from fire (left tentacle)
 g - a +6 ring of dexterity (right tentacle)
 k - a ring of protection from fire (on tentacle)
Talismans
 b - a beast talisman
 c - a flux talisman
Wands
 l - a wand of flame (26)
Scrolls
 h - 4 scrolls of identify
 j - 2 scrolls of poison
 m - a scroll of enchant weapon
Potions
 a - 2 potions of lignification
 d - 2 potions of might
 f - 2 potions of degeneration
 i - 2 potions of berserk rage


   Skills:
 + Level 2.3 Fighting
 * Level 3.8 Dodging
 * Level 4.5 Unarmed Combat
 - Level 3.0 Shapeshifting


You had 4 spell levels left.
You didn't know any spells.
Your spell library contained the following spells:

 Spells                   Type           Power      Damage    Failure   Level
 Call Imp                 Summ           0%         N/A       45%         2
 Cigotuvi's Dreadful Rot  Necr/Alch/Air  0%         N/A       45%         2
 Sublimation of Blood     Necr           0%         N/A       45%         2
 Brom's Barrelling Bould  Conj/Erth      0%         2d3       97%         4
 Dispel Undead            Necr           0%         3d6       97%         4
 Martyr's Knell           Necr/Summ      0%         N/A       97%         4
 Fireball                 Conj/Fire      0%         3d3       100%        5
 Iskenderun's Battlesphe  Conj           0%         2d6       100%        5
 Conjure Ball Lightning   Conj/Air       0%         3x3d6     100%        6
 Death Channel            Necr           0%         N/A       100%        6
 Orb of Destruction       Conj           0%         9d5       100%        7
 Summon Hydra             Summ           0%         N/A       100%        7


Dungeon Overview and Level Annotations

Branches:
Dungeon (3/15)

Altars:

Shops:
D:3 :?*


Innate Abilities, Weirdness & Mutations

You are a hulking beast.
Your limbs bulge with bestial killing power. (Slay +1)
You cannot wear most types of armour.
You are amphibious.
You can wear up to eight rings at the same time.
Your skin changes colour to match your surroundings (Stealth+).
Your rubbery body absorbs attacks. (AC +1, EV +1)
((You are camouflaged when in or above water. (Stealth+)))
You have tentacles for arms and can constrict up to eight enemies at once.


Message History

The goblin unwields a +0 dagger.
The goblin wields a +0 sling.
The goblin shoots a sling bullet.
The sling bullet closely misses you.
You see here 7 stones.
Found Veduh's General Store.
A jelly comes into view.
The goblin shoots a sling bullet.
The sling bullet misses you.
The goblin unwields a +0 sling.
The goblin wields a +0 dagger.
The goblin barely misses you.
You bludgeon the endoplasm!
You kill the endoplasm!
You closely miss the goblin. Your grab misses the goblin.
Your squeeze misses the goblin. The goblin hits you with a +0 dagger.
You tentacle-slap the jelly.
Your tentacles burn!
Your squeeze misses the jelly.
The jelly is moderately wounded.
The goblin barely misses you. The jelly hits you. The acid corrodes you!
You are splashed with acid!
You tentacle-slap the jelly.
Your tentacles burn!
The jelly is moderately wounded.
The goblin barely misses you. The jelly barely misses you.
There are monsters nearby!
There are monsters nearby!
You are too injured to fight recklessly!
Unknown command.
Aiming: Throw Flame
Press: ? - help, Shift-Dir - straight line, f - jelly
Aim: a jelly (moderately wounded, 100% to hit)
The puff of flame hits the jelly.
The jelly is heavily wounded.
The goblin misses you. The jelly hits you. The acid corrodes you!
You are splashed with acid!
* * * LOW HITPOINT WARNING * * *
Unknown command.
Aiming: Throw Flame
Press: ? - help, Shift-Dir - straight line, f/p - jelly
Aim: a jelly (heavily wounded, 100% to hit)
The puff of flame hits the jelly.
The jelly is severely wounded.
The goblin closely misses you. The jelly hits you.
You die...

...##..............#
.........^..#####..#
...†........##..<..####
............##.#......#
#.................###.#
#..........>##.#.### #
##.###########..(..#
#.# #####.#.# #.
#....hJ[# #∩###.g....#
##..#### ..# .## .# .#
##


You could see a jelly and a goblin.

Vanquished Creatures
  An orc wizard (D:3)
  6 adders
  3 dart slugs
  2 orcs (D:3)
  11 ball pythons
  6 endoplasms
  6 giant cockroaches
  10 goblins
  5 hobgoblins
  6 jackals
  6 kobolds
  4 quokkas
  6 bats
  2 frilled lizards
  5 rats
79 creatures vanquished.

Notes
Turn   | Place    | Note
-------+----------+-------------------------------------------
     0 | D:1      | Newt the Octopode Shapeshifter began the quest for the Orb.
     0 | D:1      | Reached XP level 1. HP: 13/13 MP: 1/1
    57 | D:1      | Reached XP level 2. HP: 4/18 MP: 2/2
   198 | D:1      | Reached XP level 3. HP: 11/23 MP: 3/3
  1034 | D:2      | Reached XP level 4. HP: 23/29 MP: 4/4
  1297 | D:2      | Reached skill level 4 in Unarmed Combat
  1368 | D:2      | Found a faded altar of an unknown god.
  1785 | D:2      | Reached XP level 5. HP: 34/34 MP: 5/5
  2155 | D:3      | HP: 1/34 [orc/+0 flail (5)]
  2458 | D:3      | Found Pezilioj's Book Boutique.
  2672 | D:3      | Found Xuethrif's Magic Scroll Emporium.
  2678 | D:3      | Bought a scroll of identify for 26 gold pieces
  2678 | D:3      | Bought a scroll of identify for 26 gold pieces
  2678 | D:3      | Bought a scroll of identify for 26 gold pieces
  2762 | D:3      | Found Veduh's General Store.
  2769 | D:3      | Slain by a jelly

Illustrated notes

Levels and vault maps discovered:
D:1:      dpeg_arrival_round_c, layout_rooms
D:2:      layout_basic, dreamdust_ecumenical_altar_grove, serial_bayou_pond_b,
          corner_web_ring, roderic_lattice_a
D:3:      layout_loops_cross, serial_shops, nicolae_shop_real_fake_doors,
          nicolae_shop_rolling_square, shop, nicolae_shop_pleasant_corner_grove

Skill      XL: |  1  2  3  4 |
---------------+-------------+-----
Dodging        | 3 |  3.8
Unarmed Combat | 4 |  4.5
Fighting       | 2 |  2.3
Shapeshifting  | |  3.0

Action                     |  1- 3 |  4- 6 || total
---------------------------+-------+-------++-------
  Melee: Unarmed           |    69 |    75 ||   144
         Constrict         |    20 |    23 ||    43
         Tentacles         |     7 |    17 ||    24
         Punch             |     4 |     1 ||     5
  Evoke: Wand              |       |     2 ||     2
    Use: Scroll            |     2 |     4 ||     6
   Stab: Sleeping          |     7 |     4 ||    11
 Armour: Skin              |    29 |    29 ||    58
  Dodge: Dodged            |    41 |    59 ||   100

Table legend: (Time is in decaauts)
 A = Elapsed time spent in this place.
 B = Non-inter-level travel time spent in this place.
 C = Inter-level travel time spent in this place.
 D = Time resting spent in this place.
 E = Time spent auto-exploring this place.
 F = Levels seen in this place.
 G = Mean time per level.
                   A        B        C        D        E       F      G
               +--------+--------+--------+--------+--------+-----+--------+
         Total |   2758 |   2681 |     77 |    875 |   1382 |   3 |  919.3 |
       Dungeon |   2758 |   2681 |     77 |    875 |   1382 |   3 |  919.3 |
               +--------+--------+--------+--------+--------+-----+--------+

Top non-repeatable levels by time:
     D:2: 1395 daAuts
     D:1: 933 daAuts
     D:3: 429 daAuts
